 Dungeon Crawl Stone Soup version 0.30-a0-210-g01b79a254e (webtiles) character file.

Game seed: 13375658568739983153

491 funkygono the Firebug (level 7, -2/38 HPs)
             Began as a Gargoyle Fire Elementalist on Oct 4, 2022.
             Slain by a wight
             ... wielding a +0 hand axe
              (3 damage)
             ... on level 5 of the Dungeon.
             The game lasted 00:05:47 (4873 turns).

funkygono the Firebug (Gargoyle Fire Elementalist)  Turns: 4873, Time: 00:05:47

Health: -2/38      AC:  8    Str: 12    XL:     7   Next: 14%
Magic:  11/13      EV: 12    Int: 17    God:
Gold:   237        SH:  0    Dex: 10    Spells: 4/14 levels left

rFire   + . .      SeeInvis +    s - +4 club (spect)
rCold   . . .      Faith    .    (no shield)
rNeg    + . .      Spirit   .    z - +2 robe "Yblulapt" {rF+}
rPois   ∞          Reflect  .    (no helmet)
rElec   +          Harm     .    (no cloak)
rCorr   .          Rampage  .    (no gloves)
Will    .....                    (no boots)
Stlth   ++........               (no amulet)
HPRegen 0.26/turn                m - ring of see invisible
MPRegen 0.13/turn                (no ring)

@: no status effects
A: sickness immunity, AC +4, negative energy resistance 1, electricity
resistance, torment resistance 1, petrification resistance
a: no special abilities


You were on level 5 of the Dungeon.
You visited 1 branch of the dungeon, and saw 5 of its levels.

You collected 237 gold pieces.

Inventory:

Hand Weapons
 e - a +0 whip
 s - a +4 spectral club (weapon)
Armour
 a - a +0 robe
 z - the +2 robe "Yblulapt" (worn) {rF+}
   (You found it on level 5 of the Dungeon)

   rF:        It protects you from fire.
Jewellery
 m - a ring of see invisible (left hand)
Wands
 v - a wand of light (8)
Scrolls
 d - 2 scrolls of enchant armour {unknown}
 f - 7 scrolls of identify {unknown}
 g - a scroll of immolation {unknown}
 j - 2 scrolls of vulnerability {unknown}
 k - 2 scrolls of teleportation {unknown}
 o - 2 scrolls of silence {unknown}
 t - 4 scrolls of noise {unknown}
 w - a scroll of magic mapping {unknown}
 x - a scroll of poison {unknown}
 y - a scroll of fear {unknown}
 A - a scroll of brand weapon {unknown}
 B - a scroll of amnesia {unknown}
Potions
 c - 2 potions of haste {unknown}
 h - a potion of heal wounds {unknown}
 i - 2 potions of flight {unknown}
 l - 2 potions of attraction {unknown}
 n - a potion of ambrosia {unknown}
 p - 5 potions of lignification {unknown}
 q - a potion of curing {unknown}
 r - a potion of brilliance {unknown}
 u - a potion of resistance {unknown}


   Skills:
 + Level 1.4 Fighting
 + Level 0.5 Maces & Flails
 + Level 2.0 Dodging
 - Level 2.1 Stealth
 + Level 4.3 Spellcasting
 + Level 3.0 Conjurations
 + Level 5.4 Fire Magic


You had 4 spell levels left.
You knew the following spells:

 Your Spells              Type           Power      Damage    Failure   Level
a - Foxfire               Conj/Fire      72%        2x1d7     2%          1
b - Scorch                Fire           44%        2d7       2%          2
c - Kindle Blastsparks    Fire/Tloc/Air  18%        2d11      22%         3
d - Flame Wave            Conj/Fire      18%        2d7       26%         4

Your spell library contained the following spells:

 Spells                   Type           Power      Damage    Failure   Level
 Momentum Strike          Conj/Tloc      16%        3d8       12%         2
 Inner Flame              Hex/Fire       12%        N/A       16%         3
 Blink                    Tloc           6%         N/A       22%         2
 Gell's Gravitas          Tloc           3%         N/A       41%         3
 Lesser Beckoning         Tloc           6%         N/A       41%         3
 Teleport Other           Tloc           3%         N/A       41%         3


Dungeon Overview and Level Annotations

Branches:
Dungeon (5/15)
 Temple: D:4-7

Altars:


Innate Abilities, Weirdness & Mutations

You are immune to sickness and miasma.
Your stone body is resilient. (AC +4)
You are immune to poison.
You resist negative energy. (rN+)
You are resistant to electric shocks. (rElec)
You are resistant to unholy torment.
You are immune to petrification.


Message History

Confirm with . or Enter, or press ? or * to list all spells.
You conjure some foxfire!
The foxfire hits the wight.
The wight is heavily damaged.
The wight barely misses you.
The wight hits your foxfire with a +0 hand axe.
Unknown command.
The foxfire hits the wight but does no damage.
The wight is heavily damaged.
The foxfire hits the wight but does no damage.
The wight is heavily damaged.
The foxfire hits the wight but does no damage.
The wight is heavily damaged.
The wight hits you with a +0 hand axe. The wight closely misses you.
You hit the wight.
The wight is severely damaged.
Your +4 spectral club hits the wight.
The wight closely misses you.
The wight closely misses your +4 spectral club.
The wight hits you but does no damage. The wight attacks as you move away!
The wight hits you with a +4 great sword.
Casting: Foxfire (safe; 2% risk of failure)
Confirm with . or Enter, or press ? or * to list all spells.
You don't know that spell.
You closely miss the wight.
The wight is almost destroyed.
Your +4 spectral club misses the wight.
The wight hits you but does no damage.
The wight barely misses your +4 spectral club.
The wight hits you with a +4 great sword!
The wight barely misses you. The wight hits you with a +0 hand axe!
* * * LOW HITPOINT WARNING * * *
The wight hits your +4 spectral club with a +0 hand axe.
Your spectral weapon shares its damage with you!
* * * LOW HITPOINT WARNING * * *
Magic courses through your body. The wight closely misses you. x2
Casting: Foxfire (safe; 2% risk of failure)
Confirm with . or Enter, or press ? or * to list all spells.
Flames lash the wight.
The wight is heavily damaged.
The wight's fire resistance burns away.
The wight hits you with a +0 hand axe.
You die...

#.##.....# #.#
#.######.####.# ##
#.##...#.....<# #.
###.##...#......###
.###.
#....'...'........#
.'..
###.##...##.......#
##.. ####...##.......#
#.). ######.......#
#.). #....@..# #..)
#...§zz.# ###### ##..
#.......###....###.+..
#..................##.
#######........#.####.
#......###..####
#......# ##.#.#.
#......####...##
#......##......'


You could see 2 wights.

Vanquished Creatures
  A phantom (D:5)
  A wight (D:5)
  A howler monkey (D:4)
  A jelly (D:5)
  Jessica (D:3)
  Terence (D:3)
  2 iguanas
  An orc wizard (D:5)
  A gnoll (D:1)
  4 adders
  3 worms
  6 dart slugs
  8 orcs
  5 endoplasms
  4 giant cockroaches
  4 goblins
  4 hobgoblins
  11 jackals
  2 quokkas
  7 ball pythons
  7 bats
  A frilled lizard (D:1)
  10 kobolds
  6 rats
92 creatures vanquished.

Vanquished Creatures (others)
  268 foxfires
  7 plants (D:3)
275 creatures vanquished.

Grand Total: 367 creatures vanquished

Notes
Turn   | Place    | Note
-------+----------+-------------------------------------------
     0 | D:1      | funkygono the Gargoyle Fire Elementalist began the quest
                  | for the Orb.
     0 | D:1      | Reached XP level 1. HP: 10/10 MP: 3/3
   222 | D:1      | Found a faded altar of an unknown god.
   392 | D:1      | Reached XP level 2. HP: 15/15 MP: 1/5
   450 | D:1      | Learned a level 2 spell: Scorch
   676 | D:1      | Reached XP level 3. HP: 19/19 MP: 0/6
   680 | D:1      | Learned a level 3 spell: Kindle Blastsparks
  1486 | D:2      | Reached skill level 4 in Fire Magic
  1681 | D:2      | Reached XP level 4. HP: 24/24 MP: 0/7
  2654 | D:3      | Reached XP level 5. HP: 28/28 MP: 1/9
  2659 | D:3      | Learned a level 4 spell: Flame Wave
  3105 | D:3      | Noticed Terence
  3110 | D:3      | Killed Terence
  3111 | D:3      | Reached skill level 1 in Fighting
  3404 | D:3      | Noticed Jessica
  3411 | D:3      | Killed Jessica
  4120 | D:4      | Reached XP level 6. HP: 34/34 MP: 3/11
  4518 | D:5      | Entered Level 5 of the Dungeon
  4550 | D:5      | Identified the +2 robe "Yblulapt" {rF+}
  4617 | D:5      | Reached skill level 5 in Fire Magic
  4757 | D:5      | Reached XP level 7. HP: 35/38 MP: 7/13
  4871 | D:5      | HP: 1/38 [wight/+0 hand axe (1)]
  4873 | D:5      | Slain by a wight

Illustrated notes

Levels and vault maps discovered:
D:1:      sevenhm_arrival_forest_fort_large_3, layout_loops_corners,
          dreamdust_ecumenical_altar_statues
D:2:      layout_loops_ring, minivault_25
D:3:      cheibrodos_old_hovel, layout_basic, uniq_terence, uniq_jessica
D:4:      minmay_recursive_quarters, layout_basic
D:5:      nicolae_cairo_tiling_very_big, layout_basic,
          minmay_temple_entry_statues

Skill      XL: |  1  2  3  4  5  6  7 |
---------------+----------------------+-----
Fire Magic     | 4 5 |  5.4
Conjurations   | 2 3 |  3.0
Spellcasting   | 3 4 |  4.3
Fighting       | 1 |  1.4
Dodging        | 2 |  2.0
Maces & Flails | |  0.5
Stealth        | |  2.1

Action                   |  1- 3 |  4- 6 |  7- 9 || total
-------------------------+-------+-------+-------++-------
Melee: Club              |     1 |     6 |     2 ||     9
       Whip              |    14 |    31 |       ||    45
 Cast: Foxfire           |    51 |   101 |     8 ||   160
       Scorch            |     2 |    12 |     3 ||    17
  Use: Potion            |       |       |     1 ||     1
Armor: Robe              |     5 |    22 |     4 ||    31
Dodge: Dodged            |    13 |    30 |    15 ||    58

Table legend: (Time is in decaauts)
 A = Elapsed time spent in this place.
 B = Non-inter-level travel time spent in this place.
 C = Inter-level travel time spent in this place.
 D = Time resting spent in this place.
 E = Time spent auto-exploring this place.
 F = Levels seen in this place.
 G = Mean time per level.
                   A        B        C        D        E       F      G
               +--------+--------+--------+--------+--------+-----+--------+
         Total |   4876 |   4735 |    141 |     93 |   4032 |   5 |  975.2 |
       Dungeon |   4876 |   4735 |    141 |     93 |   4032 |   5 |  975.2 |
               +--------+--------+--------+--------+--------+-----+--------+

Top non-repeatable levels by time:
     D:1: 1379 daAuts
     D:3: 1120 daAuts
     D:4: 1033 daAuts
     D:2: 986 daAuts
     D:5: 356 daAuts
